 Dungeon Sprint DCSS version 0.29.1-13-g9f3cf754e1 (webtiles) character file.

Game seed: 12395744230452880681

2977 nabru the Grappler (level 9, -2/101 HPs)
             Began as a Troll Berserker on Jan 29, 2023.
             Was a High Priest of Trog.
             Slain by a slime creature (8 damage)
             ... while petrified by a catoblepas
             ... in the Dungeon (Sprint IX: "|||||||||||||||||||||||||||||").
             The game lasted 00:02:23 (299 turns).

nabru the Grappler (Troll Berserker)                 Turns: 299, Time: 00:02:23

Health: -2/101     AC:  6    Str: 31    XL:     9   Next: 53%
Magic:  8/8        EV:  1    Int:  3    God:    Trog [*****.]
Gold:   0          SH:  0    Dex:  9    Spells: 8/8 levels left

rFire   . . .      SeeInvis .     - Unarmed
rCold   . . .      Faith    .   (no shield)
rNeg    + + +      Spirit   .   a - +0 animal skin
rPois   ∞          Reflect  .   (helmet restricted)
rElec   .          Harm     .   (no cloak)
rCorr   .          Rampage  .   (gloves unavailable)
Will    .....      NoTele   +   (boots unavailable)
Stlth   ++........              (no amulet)
HPRegen 1.06/turn               j - +2 ring of protection
MPRegen 0.11/turn               k - +2 ring of evasion

@: petrified, on berserk cooldown, slowed
A: large, unfitting armour, claws 3, regeneration 1, shaggy fur 1, tough skin 1
a: Renounce Religion, Berserk, Trog's Hand, Brothers in Arms


You were in the Dungeon.
You worshipped Trog.
Trog was extremely pleased with you.
You visited 1 branch

Inventory:

Armour
 a - a +0 animal skin (worn)
Jewellery
 j - a +2 ring of protection (left claw)
 k - a +2 ring of evasion (right claw)
Wands
 i - a wand of light (10)
Scrolls
 g - 2 scrolls of blinking
Potions
 b - 2 potions of curing
 d - a potion of haste
 e - 4 potions of magic
 f - a potion of berserk rage
 h - a potion of invisibility


   Skills:
 + Level 10.1 Fighting
 + Level 11.1 Dodging
 + Level 1.6 Stealth
 + Level 14.1 Unarmed Combat


You had 8 spell levels left.
You didn't know any spells.
Your spell library was empty.

Dungeon Overview and Level Annotations

Branches:
Dungeon (1/1)

Altars:
Cheibriados
Dithmenos
Elyvilon
Fedhas
Gozag
Hepliaklqana
Kikubaaqudgha
Makhleb
Nemelex Xobeh
Okawaru
Qazlal
Ru
Sif Muna
Trog
Uskayaw
Vehumet
Wu Jian
Xom
Yredelemnul
Zin
The Shining One
Jiyva
Lugonu


Innate Abilities, Weirdness & Mutations

You are too large for most types of armour.
You have claws for hands.
Your natural rate of healing is unusually fast.
You are covered in fur. (AC +1)
You have tough skin. (AC +1)


Message History

The slime creature jiggles.
The catoblepas breathes a plume of calcifying dust at you.
The blast of calcifying dust hits you but does no damage.
The slime creature jiggles.
You are engulfed in calcifying dust.
The catoblepas gores you!!
You are engulfed in calcifying dust.
The catoblepas gores you!!
You are engulfed in calcifying dust.
The catoblepas gores you!
You are engulfed in calcifying dust.
The catoblepas gores you!!
* * * LOW HITPOINT WARNING * * *
You are engulfed in calcifying dust.
The catoblepas gores you!!
* * * LOW HITPOINT WARNING * * *
You turn to flesh and can move again.
You claw the catoblepas! x2
The catoblepas is almost dead.
You are engulfed in calcifying dust.
You are slowing down.
The catoblepas breathes a plume of calcifying dust at you.
The blast of calcifying dust hits you.
* * * LOW HITPOINT WARNING * * *
You mangle the catoblepas!!
You kill the catoblepas!
Trog accepts your kill.
The slime creature jiggles.
The slime creature hits you but does no damage.
You have turned to stone.
Your Fighting skill increases to level 10!
Your Dodging skill increases to level 11!
Your Unarmed Combat skill increases to level 14!
The slime creature hits you.
* * * LOW HITPOINT WARNING * * *
The slime creature hits you!
* * * LOW HITPOINT WARNING * * *
The slime creature hits you but does no damage. x2
The slime creature hits you!
* * * LOW HITPOINT WARNING * * *
The slime creature hits you but does no damage.
The slime creature hits you!
* * * LOW HITPOINT WARNING * * *
The slime creature hits you!
You die... ▓▓▓▓▓▓▓▓▓▓▓▓▓▓▓▓▓▓▓▓▓▓▓ +....J@'....)††..[[[.)? ▓▓▓▓▓▓▓▓▓▓▓▓▓▓▓▓▓▓▓▓▓▓▓

You could see a slime creature.

Vanquished Creatures
  A catoblepas (D)
  A two-headed ogre (D)
  A centaur warrior (D)
  A manticore (D)
  An unseen horror (D)
  A hornet (D)
  2 wyverns (D)
  An ice beast (D)
  A killer bee (D)
  A howler monkey (D)
  An orc wizard (D)
  A white imp (D)
  An ufetubus (D)
  An orc (D)
  An endoplasm (D)
  A giant cockroach (D)
  2 goblins (D)
  A jackal (D)
  A bat (D)
21 creatures vanquished.

Notes
Turn   | Place    | Note
-------+----------+-------------------------------------------
     0 | D        | nabru the Troll Berserker began the quest for the Orb.
     0 | D        | Reached XP level 1. HP: 22/22 MP: 0/0
    14 | D        | Reached ** piety under Trog
    65 | D        | Noticed an ice beast
    71 | D        | Reached XP level 2. HP: 31/31 MP: 1/1
    71 | D        | Reached *** piety under Trog
    72 | D        | Reached skill level 4 in Unarmed Combat
    79 | D        | Killed an ice beast
    80 | D        | Reached skill level 5 in Dodging
    80 | D        | Reached skill level 6 in Unarmed Combat
    80 | D        | Reached XP level 3. HP: 34/41 MP: 2/2
    80 | D        | Reached XP level 4. HP: 41/49 MP: 3/3
   124 | D        | Found a snail-covered altar of Cheibriados.
   124 | D        | Found a shadowy altar of Dithmenos.
   124 | D        | Found a white marble altar of Elyvilon.
   124 | D        | Found a blossoming altar of Fedhas.
   124 | D        | Found an opulent altar of Gozag.
   125 | D        | Found a hazy altar of Hepliaklqana.
   126 | D        | Found a viscous altar of Jiyva.
   127 | D        | Found an ancient bone altar of Kikubaaqudgha.
   128 | D        | Found a corrupted altar of Lugonu.
   129 | D        | Found a burning altar of Makhleb.
   130 | D        | Found a sparkling altar of Nemelex Xobeh.
   131 | D        | Found an iron altar of Okawaru.
   132 | D        | Found a stormy altar of Qazlal.
   133 | D        | Found a sacrificial altar of Ru.
   134 | D        | Found a shimmering blue altar of Sif Muna.
   135 | D        | Found a bloodstained altar of Trog.
   136 | D        | Found a hide-covered altar of Uskayaw.
   137 | D        | Found a radiant altar of Vehumet.
   138 | D        | Found an ornate altar of the Wu Jian Council.
   139 | D        | Found a shimmering altar of Xom.
   140 | D        | Found a basalt altar of Yredelemnul.
   141 | D        | Found a glowing silver altar of Zin.
   142 | D        | Found a glowing golden altar of the Shining One.
   174 | D        | Noticed a hornet
   174 | D        | Noticed a wyvern
   174 | D        | Noticed a wyvern
   178 | D        | Killed a wyvern
   178 | D        | Reached **** piety under Trog
   179 | D        | Reached skill level 7 in Unarmed Combat
   179 | D        | Reached XP level 5. HP: 59/59 MP: 4/4
   182 | D        | Reached skill level 8 in Unarmed Combat
   182 | D        | Reached XP level 6. HP: 68/68 MP: 5/5
   189 | D        | Killed a wyvern
   190 | D        | Reached skill level 9 in Unarmed Combat
   195 | D        | Killed a hornet
   195 | D        | Reached ***** piety under Trog
   196 | D        | Reached skill level 10 in Unarmed Combat
   196 | D        | Reached XP level 7. HP: 72/79 MP: 6/6
   242 | D        | Noticed a slime creature
   242 | D        | Noticed a catoblepas
   242 | D        | Noticed a centaur warrior
   242 | D        | Noticed a two-headed ogre
   242 | D        | Noticed a manticore
   247 | D        | Killed a manticore
   248 | D        | Reached skill level 11 in Unarmed Combat
   248 | D        | Reached XP level 8. HP: 89/89 MP: 7/7
   253 | D        | Killed an unseen horror
   257 | D        | Killed a two-headed ogre
   258 | D        | Reached skill level 10 in Dodging
   258 | D        | Reached skill level 12 in Unarmed Combat
   258 | D        | Reached XP level 9. HP: 67/100 MP: 8/8
   273 | D        | Killed a centaur warrior
   274 | D        | Reached skill level 1 in Stealth
   274 | D        | Reached skill level 13 in Unarmed Combat
   291 | D        | Killed a catoblepas
   292 | D        | Reached skill level 10 in Fighting
   292 | D        | Reached skill level 14 in Unarmed Combat
   298 | D        | HP: 5/101 [slime creature (7)]
   299 | D        | Slain by a slime creature

Illustrated notes

Levels and vault maps discovered:
D:        linesprint [early_d, line_temple, items_1, d_10, items_2, lair_1,
          lair_end, items_3, orc_1, orc_end, items_4, d_15, swamp_1, shoals_1,
          snake_1, spider_1, d_20, vaults_1, items_5, swamp_end, shoals_end,
          snake_end, spider_end, vaults_end, d_27, items_6, zot_1, zot_end,
          crypt_end, forest_end, elf_end, slime_end, tomb_end, abyss_end,
          pan_hell_end]

Skill      XL: |  1  2  3  4  5  6  7  8  9 |
---------------+----------------------------+-----
Fighting       | 3 4 6 7 8 9 10 | 10.1
Dodging        | 3 5 6 8 9 10 11 | 11.1
Unarmed Combat | 6 7 8 10 11 12 14 | 14.1
Stealth        | 1 |  1.6

Action                   |  1- 3 |  4- 6 |  7- 9 || total
-------------------------+-------+-------+-------++-------
Melee: Unarmed           |    26 |    18 |    23 ||    67
       Punch             |       |     2 |     5 ||     7
Invok: Berserk           |     2 |     1 |     1 ||     4
  Use: Potion            |       |       |     6 ||     6
 Stab: Petrified         |       |       |     4 ||     4
Armor: Animal skin       |     5 |     3 |     9 ||    17
Dodge: Dodged            |     8 |     7 |     8 ||    23
